 Dungeon Crawl Stone Soup version 0.21.1-1-g345015f (webtiles) character file.

1419 SpicyGBurrito the Chopper (level 8, -2/64 (67) HPs)
             Began as a Ghoul Gladiator on June 19, 2018.
             Slain by a scorpion (4 damage)
             ... on level 5 of the Dungeon.
             The game lasted 00:37:25 (5773 turns).

SpicyGBurrito the Chopper (Ghoul Gladiator)         Turns: 5773, Time: 00:37:26

HP:   -2/64 (67)    AC: 14    Str: 18 (19) XL:     8   Next: 71%
MP:   7/7           EV:  8    Int:  4      God:
Gold: 176           SH:  0    Dex:  8 (10) Spells: 7/7 levels left

rFire    . . .     SeeInvis .   j - +3 hand axe (elec)
rCold    + . .     Gourm    .   (no shield)
rNeg     + + +     Faith    .   R - +0 chain mail
rPois    ∞         Spirit   .   b - +0 helmet
rElec    .         Reflect  .   (no cloak)
rCorr    .         Harm     .   g - +2 pair of gloves
MR       .....                  (no boots)
Stlth    ..........             (no amulet)
HPRegen  0.00/turn              (no ring)
MPRegen  0.10/turn              (no ring)

@: rotting, very slow
A: rotting body, claws 1, carnivore, cold resistance 1, negative energy
resistance 3, inhibited regeneration, torment resistance, unbreathing
a: no special abilities


You were on level 5 of the Dungeon.
You were not hungry.

You visited 1 branch of the dungeon, and saw 5 of its levels.

You collected 176 gold pieces.

Inventory:

Hand Weapons
 e - a +0 club
 f - a +0 flail
 j - a +3 hand axe of electrocution (weapon)
 l - a cursed +0 dagger
 n - a +0 short sword
 o - a +0 spear
 q - a +0 hunting sling
 r - a +0 scythe
 t - a +0 hand axe
 u - a +0 short sword
 v - a +0 whip
 y - a +0 halberd
 z - a +0 club
 A - a +0 spear
 D - a +0 club
 G - a +0 hunting sling
 H - a +0 mace
 I - a +0 mace
 J - a +4 quarterstaff of chaos
 M - a +0 mace
 N - a +0 whip
 P - a +0 short sword
Missiles
 c - 2 throwing nets (quivered)
 i - 45 sling bullets
 w - 180 stones
 C - 12 bolts
 F - 40 arrows
 Q - 12 poisoned needles
Armour
 b - a +0 helmet (worn)
 g - a +2 pair of gloves (worn)
 h - a +0 ring mail
 K - a +2 cloak of invisibility
 O - a +0 ring mail
 R - a +0 chain mail (worn)
 S - a +0 scale mail
 V - a +0 robe
Wands
 E - a wand of scattershot (5)
Scrolls
 k - a scroll of teleportation
 m - 2 scrolls of remove curse
 s - 8 scrolls of identify
 B - 4 scrolls of enchant weapon
 T - a scroll of amnesia {unknown}
 U - 2 scrolls of magic mapping {unknown}
Potions
 a - 5 potions of curing
 p - a potion of degeneration
 x - 2 potions of lignification
 L - a potion of ambrosia {unknown}
Comestibles
 d - 4 rations


   Skills:
 + Level 4.5 Fighting
 + Level 5.9 Axes
 + Level 2.0 Throwing
 + Level 5.5 Armour
 + Level 3.2 Dodging
 + Level 0.6 Stealth
 + Level 4.0 Unarmed Combat


You had 7 spell levels left.
You didn't know any spells.

Dungeon Overview and Level Annotations

Branches:
Dungeon (5/15)             Temple (0/1) D:5

Altars:
Hepliaklqana
Kikubaaqudgha

Shops:
D:5 }


Innate Abilities, Weirdness & Mutations

Your body is rotting away.
You thrive on raw meat.
You are immune to poison.
You have sharp fingernails.
You are carnivorous and can eat meat at any time.
Your flesh is cold resistant. (rC+)
You are immune to negative energy. (rN+++)
You do not regenerate when monsters are visible.
You are immune to unholy pain and torment.
You can survive without breathing.


Message History

The centaur shoots an arrow.
The arrow hits you but does no damage.
The centaur shoots an arrow.
The arrow hits you but does no damage.
You see here 3 arrows.
As you read the scroll of teleportation, it crumbles to dust.
You feel strangely unstable.
The centaur shoots an arrow.
The arrow hits you but does no damage.
You see here an arrow.
Your surroundings suddenly seem different.
Found a fustibalus.
A scorpion comes into view.
You enter the shallow water.
Moving in this stuff is going to be slow.
The scorpion stings you.
* * * LOW HITPOINT WARNING * * *
You enter the shallow water.
Moving in this stuff is going to be slow.
The scorpion stings you.
* * * LOW HITPOINT WARNING * * *
The scorpion stings you.
You die...

# ########.# ##
.......... .. ........ .#
.##.#.# # .# .)....# .# #
####.## .
)....###..###.#.).P.#♣...
...........#..≈≈.≈≈≈≈≈♣..
.........#...P≈s@.≈≈≈≈≈P.
.....###.#..P≈≈≈≈≈≈≈≈≈≈..
####.# ##.P≈.≈≈≈≈≈≈.≈P.
#.# #....≈≈.≈≈≈≈... #.#
##.P≈≈≈≈≈≈.P..# #.#
#...P♣..P..### ####.#
##.####.##... #<...# #.
.# #.. ######


You could see a scorpion.

Vanquished Creatures
  Prince Ribbit (D:5)
  Sigmund (D:3)
  The ghost of Hebeh the Covered, an amateur DDFi (D:4)
  The ghost of Theowulf the Stinger, an amateur NaVM (D:3)
  A sky beast (D:5)
  A necrophage (D:5)
  A crimson imp (D:5)
  A centaur zombie (D:3)
  A bullfrog skeleton (D:4)
  A gnoll shaman (D:4)
  A hound (D:5)
  An orc wizard (D:5)
  Crazy Yiuf (D:2)
  2 iguanas (D:4)
  3 worker ants
  The ghost of tidbits the Sneak, a weakling GnEn (D:5)
  A worker ant zombie (D:5)
  3 adders
  11 gnolls
  2 worms (D:2)
  3 leopard geckos
  13 orcs
  6 bats
  A giant cockroach (D:4)
  7 hobgoblins
  11 jackals
  6 frilled lizards
  11 goblins
  A jackal skeleton (D:4)
  6 kobolds
  A leopard gecko skeleton (D:4)
  4 rats
106 creatures vanquished.

Notes
Turn   | Place    | Note
-------+----------+-------------------------------------------
     0 | D:1      | SpicyGBurrito the Ghoul Gladiator began the quest for the Orb.
     0 | D:1      | Reached XP level 1. HP: 17/17 MP: 0/0
   178 | D:1      | Reached XP level 2. HP: 24/24 MP: 1/1
   757 | D:1      | Reached XP level 3. HP: 20/30 MP: 2/2
  1348 | D:2      | Reached skill level 1 in Axes
  1354 | D:2      | Reached skill level 1 in Armour
  1354 | D:2      | Reached XP level 4. HP: 12/37 MP: 3/3
  1818 | D:2      | Found a hazy altar of Hepliaklqana.
  2322 | D:2      | Found a runed door.
  2327 | D:2      | Noticed Crazy Yiuf
  2330 | D:2      | Killed Crazy Yiuf
  2330 | D:2      | Reached XP level 5. HP: 42/42 MP: 4/4
  2898 | D:3      | Found an ancient bone altar of Kikubaaqudgha.
  3044 | D:3      | Noticed Theowulf's ghost (amateur NaVM)
  3052 | D:3      | Killed Theowulf's ghost
  3052 | D:3      | Reached XP level 6. HP: 51/51 MP: 5/5
  3565 | D:3      | Noticed Sigmund
  3574 | D:3      | Killed Sigmund
  3574 | D:3      | Reached XP level 7. HP: 53/55 MP: 6/6
  3981 | D:4      | Noticed Hebeh's ghost (amateur DDFi)
  3986 | D:4      | Killed Hebeh's ghost
  5066 | D:4      | Reached skill level 5 in Axes
  5070 | D:4      | Reached XP level 8. HP: 55/58 MP: 7/7
  5153 | D:5      | Entered Level 5 of the Dungeon
  5183 | D:5      | Noticed tidbits's ghost (weakling GnEn)
  5195 | D:5      | Killed tidbits's ghost
  5331 | D:5      | Noticed Prince Ribbit
  5338 | D:5      | Killed Prince Ribbit
  5338 | D:5      | Reached skill level 5 in Armour
  5389 | D:5      | Found Vydidibb's Gadget Shop.
  5751 | D:5      | Found a staircase to the Ecumenical Temple.
  5773 | D:5      | HP: 2/64 [scorpion (4)]
  5773 | D:5      | Slain by a scorpion

Skill      XL: |  1  2  3  4  5  6  7  8 |
---------------+-------------------------+-----
Throwing       | 2 |  2.0
Unarmed Combat | 4 |  4.0
Dodging        | 3 |  3.2
Axes           | 1 2 3 4 5 |  5.9
Armour         | 1 2 4 5 |  5.5
Fighting       | 3 4 |  4.5
Stealth        | |  0.6

Action                   |  1- 3 |  4- 6 |  7- 9 || total
-------------------------+-------+-------+-------++-------
Melee: Unarmed           |    11 |       |       ||    11
       Hand axe          |    69 |    71 |   128 ||   268
       Punch             |       |     2 |       ||     2
Throw: Throwing net      |       |       |     1 ||     1
  Use: Scroll            |       |     7 |     1 ||     8
       Potion            |       |       |     4 ||     4
  Eat: Chunk             |     4 |     5 |     9 ||    18
       Ration            |       |       |     2 ||     2
Armor: Leather armour    |     4 |       |       ||     4
       Ring mail         |    36 |    16 |       ||    52
       Chain mail        |       |    23 |    95 ||   118
Dodge: Dodged            |    56 |    60 |    51 ||   167
